 Dungeon Crawl Stone Soup version 0.30.1-11-g7821555f0a (webtiles) character file.

Game seed: 1757809588601824571

151 Unglued128 the Fighter (level 5, -5/51 HPs)
             Began as a Gnoll Wanderer on Nov 21, 2023.
             Killed by divine providence
             ... invoked by an orc priest
              (14 damage)
             ... on level 3 of the Dungeon.
             The game lasted 00:19:03 (2142 turns).

Unglued128 the Fighter (Gnoll Wanderer)             Turns: 2142, Time: 00:19:03

Health: -5/51      AC: 11    Str:  9    XL:     5   Next: 33%
Magic:  7/9        EV: 30    Int: 17    God:
Gold:   153        SH:  0    Dex: 16    Spells: 9/10 levels left

rFire   . . .        g - +2 dagger (protect)
rCold   . . .        (no shield)
rNeg    . . .        d - +0 robe
rPois   .            (no helmet)
rElec   .            b - +0 cloak
rCorr   .            (no gloves)
SInv    .            a - +0 pair of boots
Will    .....        i - amulet of the acrobat
Stlth   ++           q - +6 ring of intelligence
HPRegen 0.28/turn    (no ring)
MPRegen 0.11/turn

%: acrobat
@: under a protective aura, acrobatic
A: fangs 1, strong nose, distributed training
a: no special abilities


You were on level 3 of the Dungeon.
You visited 1 branch of the dungeon, and saw 3 of its levels.

You collected 153 gold pieces.

Inventory:

Hand Weapons
 g - a +2 dagger of protection (weapon)
 k - the +7 hand axe "Jemaon" {distort, rElec rN+ Int-5 Stlth+}
   (You found it on level 2 of the Dungeon)

   Int:       It affects your intelligence (-5).
   rElec:     It insulates you from electricity.
   rN:        It protects you from negative energy.
   Stlth:     It makes you more stealthy.
 o - a +1 vampiric whip
Armour
 a - a +0 pair of boots (worn)
 b - a +0 cloak (worn)
 d - a +0 robe (worn)
Magical Staves
 u - a staff of earth
Jewellery
 i - an amulet of the acrobat (around neck)
 m - an amulet of magic regeneration
 p - a ring of fire
 q - a +6 ring of intelligence (left hand)
Scrolls
 j - a scroll of summoning
 n - 3 scrolls of identify
Potions
 c - a potion of berserk rage
 e - a potion of attraction
 f - 2 potions of ambrosia
 h - a potion of degeneration {unknown}
 l - 2 potions of curing
 r - a potion of might {unknown}
 s - a potion of brilliance {unknown}
 t - a potion of heal wounds {unknown}


   Skills:
 + Level 8.6 Fighting
 + Level 1.5 Short Blades
 + Level 1.5 Long Blades
 + Level 1.5 Axes
 + Level 1.5 Maces & Flails
 + Level 1.5 Polearms
 + Level 1.5 Staves
 + Level 1.5 Ranged Weapons
 + Level 1.5 Throwing
 + Level 1.5 Armour
 + Level 6.7 Dodging
 + Level 1.5 Stealth
 + Level 1.5 Shields
 + Level 1.5 Unarmed Combat
 + Level 3.2 Spellcasting
 + Level 1.2 Conjurations
 + Level 1.2 Hexes
 + Level 4.0 Summonings
 + Level 1.2 Necromancy
 + Level 1.2 Translocations
 + Level 1.2 Transmutations
 + Level 1.2 Fire Magic
 + Level 1.2 Ice Magic
 + Level 1.2 Air Magic
 + Level 1.2 Earth Magic
 + Level 1.2 Poison Magic
 + Level 1.7 Invocations
 + Level 1.5 Evocations


You had 9 spell levels left.
You knew the following spells:

 Your Spells              Type           Power      Damage    Failure   Level
a - Summon Small Mammal   Summ           64%        N/A       3%          1

Your spell library contained the following spells:

 Spells                   Type           Power      Damage    Failure   Level
 Call Canine Familiar     Summ           16%        N/A       10%         3
 Sting                    Tmut/Pois      24%        1d4       11%         1
 Scorch                   Fire           12%        2d6       16%         2
 Inner Flame              Hex/Fire       6%         N/A       30%         3
 Summon Lightning Spire   Summ/Air       11%        N/A       52%         4
 Summon Mana Viper        Hex/Summ       11%        N/A       86%         5
 Haunt                    Necr/Summ      5%         N/A       100%        7
 Malign Gateway           Summ/Tloc      5%         N/A       100%        7
 Dragon's Call            Summ           8%         N/A       100%        9


Dungeon Overview and Level Annotations

Branches:
Dungeon (3/15)

Altars:


Innate Abilities, Weirdness & Mutations

You have very sharp teeth.
Your uncanny sense of smell can sniff out nearby items.
Your experience applies equally to all skills.


Message History

The orc priest is heavily wounded.
You hit the orc priest but do no damage.
The orc priest is heavily wounded.
Your quokka disappears in a puff of smoke!
The orc priest misses you.
You hit the orc priest.
The orc priest is heavily wounded.
The orc priest hits you but does no damage.
You closely miss the orc priest.
The orc priest is heavily wounded.
The orc priest barely misses you.
The orc priest looks satisfied for a moment.
You closely miss the orc priest. You punch the orc priest.
You bite the orc priest.
The orc priest is severely wounded.
Your quokka disappears in a puff of smoke!
The orc priest misses you.
Casting: Summon Small Mammal (safe; 3% risk of failure)
Confirm with . or Enter, or press ? or * to list all spells.
The orc priest barely misses you.
Casting: Summon Small Mammal (safe; 3% risk of failure)
Confirm with . or Enter, or press ? or * to list all spells.
The orc priest invokes the aid of Beogh against you.
Beogh smites you!
You hit the orc priest.
The orc priest is almost dead.
The orc priest hits you but does no damage.
The orc priest casts a cantrip, but nothing happens.
You closely miss the orc priest.
The orc priest is almost dead.
The orc priest closely misses you.
You hit the orc priest.
You kill the orc priest!
The orc priest calls down the wrath of Beogh upon you.
Beogh smites you!
* * * LOW HITPOINT WARNING * * *
Your Summonings skill increases to level 4!
The orc priest invokes the aid of Beogh against you.
Beogh smites you!
You die...

......###................#
#.. ......
#...........###########..
###.<#
#......####..<......)....
##. #......#
##############. #.
#......# #. #. ########
###. ##...
###############..#.
#o@r.r..........##.
#..################. ....#
#. ##### #. #. ∆ #.


You could see an orc priest (ally target) and 2 friendly quokkas.

Vanquished Creatures
  An orc priest (D:3)
  A sleepcap (D:2)
  2 adders (D:2)
  A dart slug (D:1)
  An orc (D:3)
  3 bats
  3 endoplasms
  A giant cockroach (D:1)
  5 goblins
  6 hobgoblins
  5 jackals (D:1)
  6 kobolds
  2 ball pythons
  6 frilled lizards
  2 rats
45 creatures vanquished.

Vanquished Creatures (collateral kills)
  An adder (D:3)
  A worm (D:2)
  2 endoplasms
  A goblin (D:1)
  3 hobgoblins (D:3)
  A kobold (D:3)
  A quokka (D:1)
  A frilled lizard (D:3)
  3 rats
14 creatures vanquished.

Grand Total: 59 creatures vanquished

Notes
Turn   | Place    | Note
-------+----------+-------------------------------------------
     0 | D:1      | Unglued128 the Gnoll Wanderer began the quest for the Orb.
     0 | D:1      | Unglued128 set off with the following items: a +0 dagger, a
                  | +0 cloak, a potion of berserk rage, a +0 robe, a potion of
                  | attraction; and the following spell memorised: Summon Small
                  | Mammal; and the following spells available to memorise:
                  | Call Canine Familiar, Summon Lightning Spire.
     0 | D:1      | Reached XP level 1. HP: 26/26 MP: 4/4
   197 | D:1      | Reached XP level 2. HP: 33/33 MP: 5/5
   280 | D:1      | Got Qear's Catalogue of the Coals and Formation
   797 | D:1      | Reached XP level 3. HP: 33/38 MP: 2/7
  1091 | D:2      | Reached skill level 1 in Short Blades
  1091 | D:2      | Reached skill level 1 in Long Blades
  1091 | D:2      | Reached skill level 1 in Axes
  1091 | D:2      | Reached skill level 1 in Maces & Flails
  1091 | D:2      | Reached skill level 1 in Polearms
  1091 | D:2      | Reached skill level 1 in Staves
  1091 | D:2      | Reached skill level 1 in Ranged Weapons
  1091 | D:2      | Reached skill level 1 in Throwing
  1091 | D:2      | Reached skill level 1 in Armour
  1091 | D:2      | Reached skill level 1 in Stealth
  1091 | D:2      | Reached skill level 1 in Shields
  1091 | D:2      | Reached skill level 1 in Unarmed Combat
  1091 | D:2      | Reached skill level 1 in Invocations
  1091 | D:2      | Reached skill level 1 in Evocations
  1185 | D:2      | Reached XP level 4. HP: 44/45 MP: 5/8
  1301 | D:2      | Identified the +7 hand axe "Jemaon" {distort, rElec rN+
                  | Int-5 Stlth+}
  1318 | D:2      | Found a faded altar of an unknown god.
  1328 | D:2      | Got Plato's Precepts of the Body
  1556 | D:2      | Reached skill level 1 in Conjurations
  1556 | D:2      | Reached skill level 1 in Hexes
  1556 | D:2      | Reached skill level 1 in Necromancy
  1556 | D:2      | Reached skill level 1 in Translocations
  1556 | D:2      | Reached skill level 1 in Transmutations
  1556 | D:2      | Reached skill level 1 in Fire Magic
  1556 | D:2      | Reached skill level 1 in Ice Magic
  1556 | D:2      | Reached skill level 1 in Air Magic
  1556 | D:2      | Reached skill level 1 in Earth Magic
  1556 | D:2      | Reached skill level 1 in Poison Magic
  1735 | D:3      | Got the Precepts of Megalomania
  2057 | D:3      | Reached XP level 5. HP: 47/51 MP: 7/9
  2142 | D:3      | Killed from afar by an orc priest

Illustrated notes

Levels and vault maps discovered:
D:1:      dpeg_arrival_rooms_b, layout_loops_corners, st_stairs_13
D:2:      layout_basic, shapermc_ecumenical_altar_rom_forum, grunt_decor_cap
D:3:      layout_rooms, hangedman_decor_growths, minmay_cut_off,
          uniq_crazy_yiuf_cottage

Skill      XL: |  1  2  3  4  5 |
---------------+----------------+-----
Short Blades   | 1 |  1.5
Long Blades    | 1 |  1.5
Axes           | 1 |  1.5
Maces & Flails | 1 |  1.5
Polearms       | 1 |  1.5
Staves         | 1 |  1.5
Ranged Weapons | 1 |  1.5
Throwing       | 1 |  1.5
Armour         | 1 |  1.5
Stealth        | 1 |  1.5
Shields        | 1 |  1.5
Unarmed Combat | 1 |  1.5
Invocations    | 1 |  1.7
Evocations     | 1 |  1.5
Spellcasting   | 3 |  3.2
Conjurations   | 1 |  1.2
Hexes          | 1 |  1.2
Necromancy     | 1 |  1.2
Translocations | 1 |  1.2
Transmutations | 1 |  1.2
Fire Magic     | 1 |  1.2
Ice Magic      | 1 |  1.2
Air Magic      | 1 |  1.2
Earth Magic    | 1 |  1.2
Poison Magic   | 1 |  1.2
Summonings     | 4 |  4.0
Fighting       | |  8.6
Dodging        | |  6.7

Action                     |  1- 3 |  4- 6 || total
---------------------------+-------+-------++-------
  Melee: Dagger            |    86 |    96 ||   182
         Bite              |    11 |    12 ||    23
         Punch             |     2 |     2 ||     4
   Cast: Summon Small Mamm |    20 |    27 ||    47
    Use: Scroll            |     4 |     2 ||     6
   Stab: Distracted        |       |     2 ||     2
 Armour: Robe              |    10 |    19 ||    29
  Dodge: Dodged            |    58 |    42 ||   100
